 Dungeon Crawl Stone Soup version 0.26.0-3-g156281e41b (webtiles) character file.

Game seed: 4617702816774922316

21 DildoBatman the Conjurer (level 3, -2/24 HPs)
             Began as a Formicid Conjurer on Jan 9, 2021.
             Killed from afar by a dart slug (3 damage)
             ... with a slug dart
             ... on level 1 of the Dungeon.
             The game lasted 00:01:31 (705 turns).

DildoBatman the Conjurer (Formicid Conjurer)         Turns: 705, Time: 00:01:32

Health: -2/24      AC:  2    Str: 11    XL:     3   Next: 5%
Magic:  0/6        EV: 12    Int: 18    God:
Gold:   14         SH:  0    Dex:  9    Spells: 5/6 levels left

rFire    . . .     SeeInvis +   d - +0 short sword
rCold    . . .     Faith    .   (no shield)
rNeg     . . .     Spirit   .   a - +0 robe
rPois    .         Reflect  .   (helmet unavailable)
rElec    .         Harm     .   (no cloak)
rCorr    .         Rampage  .   (no gloves)
Will     .....                  (no boots)
Stlth    ++........             (no amulet)
HPRegen  0.08/turn              (no ring)
MPRegen  0.10/turn              (no ring)

@: very slightly contaminated
A: permanent stasis, dig shafts and tunnels, four strong arms, antennae 3
a: Dig, Shaft Self


You were on level 1 of the Dungeon.
You visited 1 branch of the dungeon, and saw 1 of its levels.

You collected 14 gold pieces.

Inventory:

Hand Weapons
 d - a +0 short sword (weapon)
Missiles
 c - 8 stones
 f - 25 bolts
 h - 10 poisoned darts
 j - 16 sling bullets
Armour
 a - a +0 robe (worn)
Scrolls
 i - 2 scrolls of identify {unknown}
Potions
 b - a potion of attraction {unknown}
 e - a potion of cancellation {unknown}
 g - a potion of berserk rage {unknown}


   Skills:
 - Level 1.7 Dodging
 - Level 2.4 Stealth
 - Level 2.1 Spellcasting
 * Level 4.4 Conjurations


You had 5 spell levels left.
You knew the following spells:

 Your Spells              Type           Power        Failure   Level
c - Magic Dart            Conj           68%          3%          1

Your spell library contained the following spells:

 Spells                   Type           Power        Failure   Level
 Searing Ray              Conj           34%          4%          2
 Dazzling Flash           Conj/Hex       18%          22%         3
 Fulminant Prism          Conj/Hex       4%           58%         4
 Iskenderun's Mystic Bla  Conj/Tloc      9%           58%         4


Dungeon Overview and Level Annotations

Branches:
Dungeon (1/15)

Altars:


Innate Abilities, Weirdness & Mutations

You cannot be hasted, slowed, berserked, paralysed or teleported.
You can dig through walls and to a lower floor.
Your four strong arms can wield two-handed weapons with a shield.
You have a pair of large antennae on your head. (SInv)


Message History

The magic dart hits the dart slug.
The dart slug is severely wounded.
The dart slug launches a dart at you. The slug dart hits you!
Casting: Magic Dart (safe; 3% risk of failure)
Confirm with . or Enter, or press ? or * to list all spells.
Aiming: Magic Dart (safe; 3% risk of failure)
Press: ? - help, Shift-Dir - straight line, f/p - dart slug
Aim: a dart slug (severely wounded, 0% to evade)
The magic dart hits the dart slug.
The dart slug is severely wounded.
Casting: Magic Dart (safe; 3% risk of failure)
Confirm with . or Enter, or press ? or * to list all spells.
You don't have enough magic to cast that spell.
Casting: Magic Dart (safe; 3% risk of failure)
Confirm with . or Enter, or press ? or * to list all spells.
You don't have enough magic to cast that spell.
The dart slug launches a dart at you. The slug dart hits you.
You die...

##+# #.# ##...##
#.## ##.....##
#..## ##.......##
#...####.........#
...... +......)..†
#.w.# #.........#
##..# #.......##
#.@# ##.....##
#.## ##...## #.#
##'## #.# #.#
#.######## #.#
#........# ##.##
#.######.###...##
#.# ####.##.....#
#.###.....)....##


You could see a dart slug.

Vanquished Creatures
  2 giant cockroaches (D:1)
  2 goblins (D:1)
  2 hobgoblins (D:1)
  3 jackals (D:1)
  5 kobolds (D:1)
  2 bats (D:1)
  3 rats (D:1)
19 creatures vanquished.

Notes
Turn   | Place    | Note
-------+----------+-------------------------------------------
     0 | D:1      | DildoBatman the Formicid Conjurer began the quest for the
                  | Orb.
     0 | D:1      | Reached XP level 1. HP: 13/13 MP: 3/3
   184 | D:1      | Reached skill level 4 in Conjurations
   184 | D:1      | Reached XP level 2. HP: 16/19 MP: 0/5
   666 | D:1      | Reached XP level 3. HP: 9/24 MP: 0/6
   702 | D:1      | HP: 1/24 [dart slug/slug dart (7)]
   705 | D:1      | Killed from afar by a dart slug

Illustrated notes

Levels and vault maps discovered:
D:1:      co_arrival_random_square_maze, layout_loops_corners,
          chequers_serial_rivers_room_a

Skill      XL: |  1 |
---------------+----+-----
Conjurations   | 4 |  4.4
Dodging        | |  1.7
Stealth        | |  2.4
Spellcasting   | |  2.1

Action                   || total
-------------------------++-------
Melee: Short sword       ||    18
 Cast: Magic Dart        ||    36
Armor: Robe              ||     8
Dodge: Dodged            ||    16
